 Dungeon Crawl Stone Soup version 0.29.1-15-g9cfb28693d (webtiles) character file.

Game seed: 1172819812716674202

985 Berahthraban the Grave Robber (level 8, 40/58 HPs)
             Began as a Human Necromancer on Apr 8, 2023.
             Got out of the dungeon alive.
             The game lasted 00:51:23 (6712 turns).

Berahthraban the Grave Robber (Human Necromancer)   Turns: 6712, Time: 00:51:23

Health: 40/58      AC:  5    Str:  8    XL:     8   Next: 41%
Magic:  13/13      EV: 13    Int: 19    God:
Gold:   268        SH:  0    Dex: 13    Spells: 12/13 levels left

rFire   . . .      SeeInvis .   o - +2 dagger (venom)
rCold   + . .      Faith    .   (no shield)
rNeg    + . .      Spirit   .   a - +2 leather armour {rC+}
rPois   +          Reflect  .   (no helmet)
rElec   .          Harm     .   (no cloak)
rCorr   .          Rampage  .   (no gloves)
Will    .....                   (no boots)
Stlth   ++........              (no amulet)
HPRegen 0.19/turn               e - ring of positive energy
MPRegen 0.13/turn               q - ring of poison resistance

@: no status effects
A: no striking features
a: no special abilities


You escaped.
You visited 1 branch of the dungeon, and saw 5 of its levels.

You collected 268 gold pieces.

Inventory:

Hand Weapons
 c - a +0 short sword of freezing
 f - a +2 dagger of holy wrath
 o - a +2 dagger of venom (weapon)
Missiles
 p - a throwing net
Armour
 a - a +2 leather armour of cold resistance (worn)
Jewellery
 e - a ring of positive energy (left hand)
 q - a ring of poison resistance (right hand)
 t - a ring of resist corrosion
Wands
 j - a wand of light (3)
 r - a wand of mindburst (8)
 v - a wand of charming (6)
Scrolls
 h - a scroll of butterflies {unknown}
 m - 2 scrolls of enchant armour {unknown}
 w - a scroll of enchant weapon {unknown}
 x - a scroll of teleportation {unknown}
Potions
 b - a potion of magic
 g - a potion of ambrosia
 i - a potion of might
 k - a potion of berserk rage
 l - a potion of cancellation
 n - 2 potions of curing {unknown}
 s - a potion of lignification {unknown}
 u - a potion of flight {unknown}


   Skills:
 - Level 3.0 Fighting
 - Level 3.0 Short Blades
 + Level 0.5 Armour
 - Level 6.0 Dodging
 - Level 2.0 Stealth
 + Level 3.4 Spellcasting
 - Level 6.0 Necromancy


You had 12 spell levels left.
You knew the following spells:

 Your Spells              Type           Power      Damage    Failure   Level
a - Necrotise             Necr           100%       1d9       1%          1

Your spell library contained the following spells:

 Spells                   Type           Power      Damage    Failure   Level
 Vampiric Draining        Necr           26%        2d7       5%          3
 Animate Dead             Necr           26%        N/A       17%         4
 Sandblast                Erth           6%         2d5       21%         1
 Passwall                 Tmut/Erth      2%         N/A       30%         2
 Agony                    Necr           26%        N/A       43%         5
 Stone Arrow              Conj/Erth      6%         3d7       52%         3
 Summon Lightning Spire   Summ/Air       3%         N/A       90%         4
 Storm Form               Tmut/Air       1%         N/A       100%        7
 Maxwell's Capacitive Co  Air            1%         ∞         100%        8


Dungeon Overview and Level Annotations

Branches:
Dungeon (5/15)
 Temple: D:4-7

Altars:

Annotations:
D:1 cleared
D:2 cleared
D:3 cleared
D:4 2 transporters, Quickbrownfox's ghost, amateur DsIE
D:5 Menkaure


Message History

The floor.
Menkaure calls on the powers of darkness!
Your body is wracked with pain!
You climb upwards.
Level annotation: 2 transporters, Quickbrownfox's ghost, amateur DsIE
There is a stone staircase leading down, spattered with blood here.
You see here a +0 leather armour.
(D) Dungeon
Where to? (Enter - D:5, ? - help)
Okay, then.
(D) Dungeon
Where to? (Enter - D:5, ? - help)
What level of the Dungeon? (default 1, ? - help)
Things that are here:
a +0 whip; a +0 halberd
There is a stone staircase leading up here.
You climb upwards.
Level annotation: cleared
There is a stone staircase leading down here.
Magic restored.
There is a stone staircase leading up here.
You climb upwards.
Level annotation: cleared
There is a stone staircase leading down here.
There is a stone staircase leading up here.
There is a stone staircase leading down here.
You see here 8 stones.
There is a stone staircase leading up here.
You climb upwards.
Level annotation: cleared
There is a stone staircase leading down here.
There is an open door here.
You open the door.
There is an open door here.
There is an escape hatch in the floor here.
There is a staircase leading out of the dungeon here.
Are you sure you want to leave the Dungeon?
This will make you lose the game!
Uppercase [Y]es or [N]o only, please.
Are you sure you want to leave the Dungeon?
This will make you lose the game!
You have escaped!

##.......#..####''####...###..)..
.........#..###....###...........
....######..##......##...###.####
....# #..##.⌠....##...##..# ....#
#..#........#...##.##
....######..#.⌠......#...##.#####
....'....#..#...##...#...#.......
....####.#..#..####..#...#.......
##### #.#..'..'@>'..'...#.......
#.#..#..####..#...'...(...
#.#..#...##..[#..>#.......
#.#..#......⌠.#..##.......
#.#..#........#..##.......
#.#..##....⌠.##..######'##
#.#..##......##..# #.#
#.#..###....###..# #.#
#.#..####++####..# #.#


There were no monsters in sight!

Vanquished Creatures
  A steam dragon (D:4)
  An ogre (D:4)
  A centaur (D:4)
  A scorpion (D:4)
  A howler monkey (D:5)
  An orc priest (D:5)
  2 hounds (D:4)
  An iguana (D:5)
  Terence (D:3)
  An orc wizard (D:4)
  Natasha (thrice) (D:2)
  13 adders
  11 gnolls (D:4)
  2 worms
  3 dart slugs
  12 orcs
  5 ball pythons
  9 bats
  6 endoplasms
  5 giant cockroaches
  11 goblins
  4 hobgoblins
  2 jackals (D:3)
  2 quokkas
  3 frilled lizards
  7 kobolds
  7 rats
116 creatures vanquished.

Vanquished Creatures (collateral kills)
  2 dart slugs
  A giant cockroach (D:2)
  2 kobolds
5 creatures vanquished.

Vanquished Creatures (others)
  4 plants (D:5)
4 creatures vanquished.

Grand Total: 125 creatures vanquished

Notes
Turn   | Place    | Note
-------+----------+-------------------------------------------
     0 | D:1      | Berahthraban the Human Necromancer began the quest for the
                  | Orb.
     0 | D:1      | Reached XP level 1. HP: 13/13 MP: 3/3
   126 | D:1      | Reached XP level 2. HP: 17/19 MP: 5/5
   655 | D:1      | Reached XP level 3. HP: 23/24 MP: 1/6
  1011 | D:1      | Reached skill level 5 in Necromancy
  1498 | D:2      | Reached XP level 4. HP: 28/30 MP: 1/7
  1733 | D:2      | Noticed Natasha
  1739 | D:2      | Killed Natasha
  1740 | D:2      | Reached XP level 5. HP: 35/35 MP: 3/8
  1814 | D:2      | Noticed Natasha
  1833 | D:2      | Killed Natasha
  2135 | D:2      | Noticed Natasha
  2138 | D:2      | Killed Natasha
  2826 | D:3      | Noticed Terence
  2841 | D:3      | Killed Terence
  2842 | D:3      | Reached XP level 6. HP: 27/41 MP: 9/9
  3646 | D:4      | Found a transporter.
  3836 | D:4      | Noticed a steam dragon
  3950 | D:4      | Reached skill level 5 in Dodging
  4362 | D:4      | Reached XP level 7. HP: 34/46 MP: 8/10
  4365 | D:4      | Noticed Quickbrownfox's ghost (amateur DsIE)
  4401 | D:5      | Entered Level 5 of the Dungeon
  4685 | D:4      | Reached skill level 1 in Short Blades
  4733 | D:4      | Found a transporter.
  4780 | D:4      | Reached skill level 1 in Fighting
  5442 | D:4      | Reached XP level 8. HP: 34/57 MP: 11/11
  6636 | D:5      | Noticed Menkaure
  6712 | D:$      | Got out of the dungeon alive.

Illustrated notes

Levels and vault maps discovered:
D:1:      dpeg_arrival_refuge, layout_basic
D:2:      layout_loops_ring, uniq_natasha
D:3:      layout_basic, uniq_terence
D:4:      layout_layer_cave, gammafunk_ghost_stat_death, dk_noncrumbling_4
D:5:      layout_basic, nicolae_ossuary_entry_monument, serial_bayou_ford_a,
          uniq_menkaure

Skill      XL: |  1  2  3  4  5  6  7  8 |
---------------+-------------------------+-----
Necromancy     | 5 6 |  6.0
Dodging        | 3 5 6 |  6.0
Short Blades   | 2 3 |  3.0
Fighting       | 2 3 |  3.0
Spellcasting   | 3 |  3.4
Armour         | |  0.5
Stealth        | |  2.0

Action                   |  1- 3 |  4- 6 |  7- 9 || total
-------------------------+-------+-------+-------++-------
Melee: Short sword       |    14 |       |       ||    14
       Dagger            |    15 |    76 |    52 ||   143
       Punch             |     1 |       |       ||     1
 Cast: Necrotise         |    43 |   101 |    51 ||   195
Evoke: Wand              |       |       |     4 ||     4
  Use: Scroll            |       |     3 |     3 ||     6
       Potion            |       |     3 |     1 ||     4
 Stab: Sleeping          |     1 |     4 |       ||     5
Armor: Robe              |    10 |     7 |     1 ||    18
       Leather armour    |       |       |     6 ||     6
Dodge: Dodged            |    22 |    70 |    68 ||   160
